 Dungeon Crawl Stone Soup version 0.30.1-4-g462c640d31 (console) character file.

Game seed: 16678782241931695711

252 shmup the Changer (level 5, -1/40 HPs)
             Began as a Draconian Transmuter on Aug 28, 2023.
             Slain by a kobold brigand
             ... wielding a +0 short sword
              (4 damage)
             ... in a sewer.
             The game lasted 00:10:24 (2748 turns).

shmup the Changer (Draconian Transmuter)            Turns: 2748, Time: 00:10:25

Health: -1/40      AC:  5    Str: 12    XL:     5   Next: 89%
Magic:  8/8        EV: 12    Int: 15    God:
Gold:   97         SH:  0    Dex: 12    Spells: 5/8 levels left

rFire   . .          .
                       - Unarmed
rCold   . . .        (no shield)
rNeg    . . .        (body armour unavailable)
rPois   .            (helmet currently unavailable)
rElec   .            (no cloak)
rCorr   .            (no gloves)
SInv    .            (boots currently unavailable)
Will    .....        (no amulet)
Stlth   +            (no ring)
HPRegen 0.26/turn    (no ring)
MPRegen 0.11/turn

%: no passive effects
@: appendages, very slow
A: horns 2, talons 2, AC +5, unfitting armour, cold-blooded
a: End Transformation


You were in a sewer.
You had temporarily grown beastly horns and talons.
You visited 1 branch of the dungeon, and saw 3 of its levels.
You also visited: Sewer.

You collected 175 gold pieces.
You spent 78 gold pieces at shops.

Inventory:

Hand Weapons
 a - a +1 sling
 f - a +0 war axe
Missiles
 d - 29 stones (quivered)
 j - 5 poisoned darts
Scrolls
 b - a scroll of amnesia
 e - a scroll of immolation {unknown}
 g - 2 scrolls of identify {unknown}
 o - a scroll of fog {unknown}
 p - 3 scrolls of teleportation {unknown}
Potions
 c - a potion of mutation {unknown}
 h - a potion of berserk rage {unknown}
 i - 4 potions of curing
 k - a potion of attraction {unknown}
 l - a potion of lignification
 m - a potion of haste {unknown}
 n - a potion of flight {unknown}


   Skills:
 - Level 1.1 Fighting
 - Level 1.7 Dodging
 + Level 4.6 Unarmed Combat
 - Level 2.0 Spellcasting
 * Level 5.1 Transmutations


You had 5 spell levels left.
You knew the following spells:

 Your Spells              Type           Power      Damage    Failure   Level
a - Beastly Appendage     Tmut           32%        N/A       2%          1
b - Wereblood             Tmut           16%        N/A       4%          2

Your spell library contained the following spells:

 Spells                   Type           Power      Damage    Failure   Level
 Spider Form              Tmut/Pois      9%         N/A       24%         3
 Sublimation of Blood     Necr           1%         N/A       32%         2
 Ice Form                 Ice/Tmut       9%         N/A       61%         4
 Cause Fear               Hex            0%         N/A       91%         4
 Dragon Form              Tmut           8%         N/A       100%        7
 Summon Hydra             Summ           0%         N/A       100%        7
 Dragon's Call            Summ           0%         N/A       100%        9


Dungeon Overview and Level Annotations

Branches:
Dungeon (3/15) Zot: 15635   Sewer (1/1) Zot: 5574

Altars:

Shops:
D:1 !   D:2 =!


Innate Abilities, Weirdness & Mutations

You have temporarily grown beastly horns and talons.
Your plain brown scales are hard. (AC +5)
You cannot fit into any form of body armour.
You are cold-blooded and may be slowed by cold attacks.


Message History

You tail-slap the kobold brigand.
The kobold brigand is heavily wounded.
The kobold brigand closely misses you.
Your unstable footing causes you to fumble your attack.
The kobold brigand closely misses you.
You hit the kobold brigand but do no damage.
Your kick misses the kobold brigand.
You headbutt the kobold brigand, but do no damage.
The kobold brigand is heavily wounded.
The kobold brigand misses you.
You closely miss the kobold brigand.
The kobold brigand is heavily wounded.
The kobold brigand hits you with a +0 short sword.
* * * LOW HITPOINT WARNING * * *
You hit the kobold brigand.
Your tail-slap misses the kobold brigand.
The kobold brigand is heavily wounded.
The kobold brigand hits you with a +0 short sword!
* * * LOW HITPOINT WARNING * * *
Okay, then.
Unknown command.
You closely miss the kobold brigand.
The kobold brigand is heavily wounded.
The kobold brigand misses you.
You closely miss the kobold brigand.
You headbutt the kobold brigand, but do no damage.
Your tail-slap misses the kobold brigand.
The kobold brigand is heavily wounded.
Your unstable footing causes you to fumble your attack.
The kobold brigand hits you with a +0 short sword.
* * * LOW HITPOINT WARNING * * *
Okay, then.
Okay, then.
Unknown command.
Your unstable footing causes you to fumble your attack.
The kobold brigand splashes around in the water.
You closely miss the kobold brigand.
The kobold brigand is heavily wounded.
The kobold brigand hits you with a +0 short sword.
You die...

▒.~.~...▒ ▒.~~K~~.▒ ▒.~~~~~.▒
▒~h~~~~~▒ ▒~~~~~~~▒ ▒.~~~~~.▒
▒~.~~~..▒
▒▒▒▒▒▒▒▒▒▒▒▒▒▒▒▒▒▒▒▒▒~.~~~..▒
..)~~~~~~~~~~~~~dK~~~~~~~K.~▒
▒▒▒▒▒▒▒▒▒▒▒▒▒▒▒▒▒▒▒▒▒..~~h~.▒
▒▒.~~~~▒▒ ▒.~~h.▒ ▒.~~~.▒▒▒
▒.~~~..\▒ ▒.~~~.▒▒▒ ▒.~~~.▒
▒▒~~~▒▒


You could see a kobold brigand.

Vanquished Creatures
  An orc priest (D:3)
  An orc wizard (D:3)
  Natasha (thrice) (D:2)
  4 adders
  A gnoll (D:1)
  3 river rats (Sewer)
  A worm (D:3)
  An orc (D:3)
  5 bats
  3 endoplasms
  2 giant cockroaches
  5 goblins (D:3)
  3 hobgoblins
  4 jackals
  A quokka (D:1)
  4 ball pythons
  6 kobolds
  9 rats
57 creatures vanquished.

Notes
Turn   | Place    | Note
-------+----------+-------------------------------------------
     0 | D:1      | shmup the Draconian Transmuter began the quest for the Orb.
     0 | D:1      | Reached XP level 1. HP: 16/16 MP: 3/3
    89 | D:1      | Found Gaodihee's Distillery.
   225 | D:1      | Reached XP level 2. HP: 20/23 MP: 0/5
   785 | D:1      | Found a faded altar of an unknown god.
  1035 | D:2      | Reached skill level 3 in Transmutations
  1035 | D:2      | Reached XP level 3. HP: 24/28 MP: 4/6
  1054 | D:2      | Learned a level 2 spell: Wereblood
  1077 | D:2      | Found Loqoroxt's Distillery.
  1202 | D:2      | Bought 2 potions of curing for 78 gold pieces
  1241 | D:2      | Noticed Natasha
  1248 | D:2      | Killed Natasha
  1249 | D:2      | Reached XP level 4. HP: 28/35 MP: 5/7
  1281 | D:2      | Found Mocso's Jewellery Emporium.
  1305 | D:2      | Noticed Natasha
  1316 | D:2      | Killed Natasha
  1416 | D:2      | Noticed Natasha
  1425 | D:2      | Killed Natasha
  1426 | D:2      | Reached skill level 4 in Transmutations
  1642 | D:2      | Reached XP level 5. HP: 34/40 MP: 8/8
  2360 | D:3      | Found a glowing drain.
  2374 | Sewer    | Entered a sewer
  2396 | Sewer    | Reached skill level 5 in Transmutations
  2748 | Sewer    | Slain by a kobold brigand

Illustrated notes

Levels and vault maps discovered:
D:1:      grunt_arrival_crossed_arrows, layout_loops_ring, serial_shops,
          nicolae_shop_tiny_statue_garden, shapermc_ecumenical_altar_flowoftime,
          kennysheep_decorative_pillar, wad_floor_pattern_2
D:2:      layout_rooms, serial_shops, nicolae_shop_industrial_runoff,
          nicolae_shop_pleasant_corner_grove, minmay_liquid_box, uniq_natasha
D:3:      minmay_angry_zag, layout_loops_ring, portal_sewer_entry_d,
          minmay_goblin_outpost
Sewer:    sewer_kobolds

Skill      XL: |  1  2  3  4  5 |
---------------+----------------+-----
Transmutations | 3 4 5 |  5.1
Unarmed Combat | 4 |  4.6
Fighting       | |  1.1
Dodging        | |  1.7
Spellcasting   | |  2.0

Action                     |  1- 3 |  4- 6 || total
---------------------------+-------+-------++-------
  Melee: Unarmed           |    62 |   110 ||   172
         Kick              |    14 |    20 ||    34
         Tailslap          |     4 |    16 ||    20
         Headbutt          |     7 |    15 ||    22
         Punch             |       |     6 ||     6
   Fire: Sling             |     5 |       ||     5
  Throw: Stone             |     1 |       ||     1
   Cast: Beastly Appendage |    21 |    19 ||    40
         Wereblood         |     1 |     1 ||     2
    Use: Scroll            |     5 |       ||     5
   Stab: Sleeping          |       |     1 ||     1
 Armour: Skin              |    20 |    31 ||    51
  Dodge: Dodged            |    58 |    78 ||   136
